 Dungeon Crawl Stone Soup version 0.29-a0-231-g945431f764 (webtiles) character file.

Game seed: 11094654741110879342

328 siradein the Ruffian (level 6, 55/55 HPs)
             Began as a Ghoul Monk on Feb 28, 2022.
             Quit the game on level 2 of the Dungeon.
             The game lasted 00:05:18 (2356 turns).

siradein the Ruffian (Ghoul Monk)                   Turns: 2356, Time: 00:05:18

Health: 55/55      AC: 10    Str: 15    XL:     6   Next: 50%
Magic:  5/5        EV:  5    Int:  5    God:
Gold:   102        SH:  0    Dex: 13    Spells: 5/5 levels left

rFire   . . .      SeeInvis .     - Unarmed
rCold   + . .      Faith    .   (no shield)
rNeg    + + +      Spirit   .   o - +0 plate armour
rPois   ∞          Reflect  .   (no helmet)
rElec   .          Harm     .   (no cloak)
rCorr   .          Rampage  .   (no gloves)
Will    .....                   (no boots)
Stlth   ..........              (no amulet)
HPRegen 0.18/turn               (no ring)
MPRegen 0.09/turn               (no ring)

@: no status effects
A: claws 1, cold resistance 1, negative energy resistance 3, inhibited
regeneration, torment resistance 2
a: no special abilities


You were on level 2 of the Dungeon.
You visited 1 branch of the dungeon, and saw 2 of its levels.

You collected 102 gold pieces.

Inventory:

Missiles
 f - 4 poisoned darts (quivered)
 n - 5 curare-tipped darts
Armour
 o - a +0 plate armour (worn)
Scrolls
 b - 3 scrolls of noise {unknown}
 c - 2 scrolls of identify {unknown}
 d - 3 scrolls of blinking {unknown}
 e - a scroll of vulnerability {unknown}
 h - a scroll of teleportation {unknown}
 i - 2 scrolls of immolation {unknown}
 k - a scroll of fear {unknown}
 l - a scroll of amnesia {unknown}
 m - a scroll of magic mapping {unknown}
Potions
 a - a potion of lignification {unknown}
 j - a potion of curing


   Skills:
 + Level 4.8 Fighting
 + Level 0.0 Armour
 + Level 4.0 Dodging
 - Level 4.1 Stealth
 + Level 4.9 Unarmed Combat


You had 5 spell levels left.
You didn't know any spells.
Your spell library contained the following spells:

 Spells                   Type           Power      Damage    Failure   Level
 Gell's Gravitas          Tloc           0%         N/A       100%        3
 Teleport Other           Tloc           0%         N/A       100%        3
 Petrify                  Tmut/Erth      0%         N/A       100%        4
 Metabolic Englaciation   Hex/Ice        0%         N/A       100%        5
 Dispersal                Tloc           0%         N/A       100%        6
 Statue Form              Tmut/Erth      Unusable   N/A       N/A         6

Dungeon Overview and Level Annotations

Branches:
Dungeon (2/15)

Altars:


Innate Abilities, Weirdness & Mutations

You thrive by killing the living.
You are immune to poison.
You have sharp fingernails.
Your flesh is cold resistant. (rC+)
You are immune to negative energy. (rN+++)
You do not regenerate when monsters are visible.
You are immune to unholy pain and torment.


Message History

You see here a book of Sloth.
The bat hits you but does no damage.
You closely miss the bat. The bat hits you but does no damage. x2
The bat hits you but does no damage. The bat barely misses you.
The bat hits you but does no damage.
You barely miss the bat. The bat hits you but does no damage.
You scratch the bat.
The bat is moderately wounded.
The bat hits you but does no damage. The bat hits you but does no damage. x2
The bat hits you.
You barely miss the bat.
The bat is moderately wounded.
The bat barely misses you.
You barely miss the bat.
The bat is moderately wounded.
The bat barely misses you. The bat completely misses you.
You closely miss the bat.
The bat is moderately wounded.
The bat barely misses you.
You completely miss the bat.
The bat is moderately wounded.
The bat hits you but does no damage. x2
The bat barely misses you. The bat hits you but does no damage.
You claw the bat!
You kill the bat!
You feel better.
No target in view!
No target in view!
You pick up a book of Sloth and begin reading...
You add the spells Petrify and Metabolic Englaciation to your library.
Done exploring.
Done exploring.
Done exploring.
Done exploring.
Done exploring.
Done exploring.
Done exploring.
Done exploring.
Are you sure you want to abandon this character and quit the game? (Confirm with "yes".)

#.........# #...##
##.....##
#.####.##.# #...#
##...## #.# #.##.#
##.## ##'## #.#
##.##.# #.# #.#
#.# #..##.# #.#
#####†#### ..#
#.###.# #.#
#.........
..###.###.# #.####
#.##...##.
..........#
#.##.## #.#.....#.
.####.#####
#@#...###.##...##.
.####.#
#......##.###.###.
......#
#.....###.###.###.
.######
####..............
.# ###############
##


There were no monsters in sight!

Vanquished Creatures
  Sigmund (D:2)
  Jessica (D:2)
  Natasha (thrice) (D:2)
  An adder (D:2)
  2 worms (D:2)
  A dart slug (D:2)
  7 bats
  5 endoplasms
  8 hobgoblins
  3 jackals (D:1)
  3 kobolds
  2 quokkas (D:2)
  6 ball pythons
  A frilled lizard (D:1)
  5 goblins
  3 rats (D:2)
52 creatures vanquished.

Notes
Turn   | Place    | Note
-------+----------+-------------------------------------------
     0 | D:1      | siradein the Ghoul Monk began the quest for the Orb.
     0 | D:1      | Reached XP level 1. HP: 19/19 MP: 0/0
    92 | D:1      | Reached XP level 2. HP: 13/26 MP: 1/1
   644 | D:1      | Reached XP level 3. HP: 31/31 MP: 2/2
   665 | D:1      | Found a faded altar of an unknown god.
  1112 | D:2      | Noticed Natasha
  1121 | D:2      | Killed Natasha
  1122 | D:2      | Reached XP level 4. HP: 28/40 MP: 3/3
  1221 | D:2      | Noticed Jessica
  1233 | D:2      | Killed Jessica
  1459 | D:2      | Noticed Sigmund
  1479 | D:2      | Killed Sigmund
  1480 | D:2      | Reached XP level 5. HP: 23/47 MP: 4/4
  1480 | D:2      | Reached XP level 6. HP: 26/53 MP: 5/5
  1725 | D:2      | Noticed Natasha
  1736 | D:2      | Killed Natasha
  1948 | D:2      | Noticed Natasha
  1958 | D:2      | Killed Natasha
  2356 | D:2      | Quit the game

Illustrated notes

Levels and vault maps discovered:
D:1:      dpeg_arrival_morbid_curiosity, layout_rooms,
          chequers_ecumenical_altar_twisty
D:2:      layout_loops_corners, uniq_natasha, uniq_jessica, uniq_sigmund

Skill      XL: |  1  2  3  4  5  6 |
---------------+-------------------+-----
Dodging        | 3 4 |  4.0
Stealth        | 3 4 |  4.1
Fighting       | 4 |  4.8
Unarmed Combat | 4 |  4.9

Action                   |  1- 3 |  4- 6 || total
-------------------------+-------+-------++-------
Melee: Unarmed           |    86 |   102 ||   188
       Punch             |     1 |     4 ||     5
Throw: Dart              |       |     4 ||     4
 Stab: Sleeping          |     4 |     6 ||    10
Armor: Leather armour    |    16 |       ||    16
       Ring mail         |    13 |    18 ||    31
       Plate armour      |       |    20 ||    20
Dodge: Dodged            |    68 |    53 ||   121

Table legend: (Time is in decaauts)
 A = Elapsed time spent in this place.
 B = Non-inter-level travel time spent in this place.
 C = Inter-level travel time spent in this place.
 D = Time resting spent in this place.
 E = Time spent auto-exploring this place.
 F = Levels seen in this place.
 G = Mean time per level.
                   A        B        C        D        E       F      G
               +--------+--------+--------+--------+--------+-----+--------+
         Total |   2376 |   2371 |      5 |      4 |   1861 |   2 | 1188.0 |
       Dungeon |   2376 |   2371 |      5 |      4 |   1861 |   2 | 1188.0 |
               +--------+--------+--------+--------+--------+-----+--------+

Top non-repeatable levels by time:
     D:2: 1371 daAuts
     D:1: 1004 daAuts
